 Dungeon Crawl Stone Soup version 0.30-b1-2-g02819fbbbe (webtiles) character file.

Game seed: 11466534631921584688

36 Fartwhistle the Changer (level 3, 0/23 HPs)
             Began as an Octopode Transmuter on June 8, 2023.
             Slain by a gnoll
             ... wielding a +0 flail
              (12 damage)
             ... on level 2 of the Dungeon.
             The game lasted 00:02:53 (925 turns).

Fartwhistle the Changer (Octopode Transmuter)        Turns: 925, Time: 00:02:54

Health: 0/23       AC:  1    Str:  9    XL:     3   Next: 37%
Magic:  6/6        EV: 13    Int: 17    God:
Gold:   62         SH:  0    Dex: 12    Spells: 1/7 levels left

rFire   . .          .
                       - Unarmed
rCold   . . .        (no shield)
rNeg    . . .        (helmet restricted)
rPois   .            (no amulet)
rElec   .            (no ring)
rCorr   .            (no ring)
SInv    .            (no ring)
Will    .....        (no ring)
Stlth   ++           (no ring)
HPRegen 0.23/turn    (no ring)
MPRegen 0.10/turn    (no ring)
                     (no ring)

%: no passive effects
@: no status effects
A: almost no armour, amphibious, 8 rings, camouflage 1, gelatinous body 1,
(nimble swimmer 1), tentacles
a: no special abilities


You were on level 2 of the Dungeon.
You visited 1 branch of the dungeon, and saw 2 of its levels.

You collected 62 gold pieces.

Inventory:

Wands
 d - a wand of acid (6)
Scrolls
 a - a scroll of enchant armour {unknown}
 b - 2 scrolls of identify {unknown}
 e - a scroll of blinking {unknown}
 f - a scroll of magic mapping {unknown}
 g - a scroll of teleportation {unknown}
Potions
 c - a potion of attraction {unknown}
 h - a potion of degeneration {unknown}


   Skills:
 - Level 1.0 Fighting
 - Level 2.0 Dodging
 - Level 3.0 Unarmed Combat
 + Level 2.5 Spellcasting
 * Level 3.2 Transmutations
 + Level 0.0 Poison Magic


You had one spell level left.
You knew the following spells:

 Your Spells              Type           Power      Damage    Failure   Level
a - Beastly Appendage     Tmut           26%        N/A       4%          1
b - Wereblood             Tmut           13%        N/A       8%          2
c - Spider Form           Tmut/Pois      7%         N/A       28%         3

Your spell library contained the following spells:

 Spells                   Type           Power      Damage    Failure   Level
 Ozocubu's Armour         Ice            2%         N/A       50%         3
 Ice Form                 Ice/Tmut       7%         N/A       67%         4
 Ozocubu's Refrigeration  Ice            1%         4d7       100%        7


Dungeon Overview and Level Annotations

Branches:
Dungeon (2/15)

Altars:


Innate Abilities, Weirdness & Mutations

You cannot wear most types of armour.
You are amphibious.
You can wear up to eight rings at the same time.
Your skin changes colour to match your surroundings (Stealth+).
Your rubbery body absorbs attacks. (AC +1, EV +1)
((You are camouflaged when in or above water. (Stealth+)))
You have tentacles for arms and can constrict up to eight enemies at once.


Message History

The endoplasm hits you.
You tentacle-slap the endoplasm.
You tentacle-slap the endoplasm, but do no damage.
You squeeze the endoplasm.
You kill the endoplasm!
No target in view!
No target in view!
f - a scroll labelled CUGGOP FACW
g - a scroll labelled NYXKUY LIHY
Found a stone staircase leading up.
You pick up Ozocubu's Autobiography and begin reading...
You add the spells Ozocubu's Armour and Ozocubu's Refrigeration to your library.
h - a purple potion You now have 54 gold pieces (gained 7).
Found 5 stones.
This spell is extremely dangerous to cast!
Memorise Spider Form, consuming 3 spell levels and leaving 1?
You start memorising the spell.
You continue memorising. x3
You finish memorising.
Spell assigned to 'c'.
You now have 62 gold pieces (gained 8).
An endoplasm comes into view.
An endoplasm is nearby!
An endoplasm is nearby!
A gnoll comes into view. It is wielding a +0 spear.
The gnoll shouts!
A gnoll comes into view. It is wielding a +0 flail. x2
A gnoll comes into view. It is wielding a +0 flail.
The gnoll shouts! x2
The endoplasm quivers.
You tentacle-slap the endoplasm. Your squeeze misses the endoplasm.
The endoplasm is severely wounded.
The endoplasm hits you.
You barely miss the endoplasm. You squeeze the endoplasm.
You kill the endoplasm!
The gnoll hits you with a +0 spear! The gnoll attacks as you move away!
The gnoll hits you with a +0 spear. The gnoll closely misses you.
The gnoll attacks as you move away! The gnoll hits you with a +0 flail!
Ouch! That really hurt!
You die...

#.#### ..... .... ...
........#...
#####..##............
......##..........<.
#.gg............... #.
#.gg$##............
##.###.@..##............
....(...................
........................
........................
............#...........
............#.....#..###
........................
..................#..#.#
##......#....#..#.#..#.#


You could see 4 gnolls.

Vanquished Creatures
  2 dart slugs (D:1)
  2 endoplasms (D:2)
  4 giant cockroaches
  A goblin (D:1)
  3 hobgoblins (D:1)
  2 kobolds (D:1)
  6 ball pythons
  2 bats (D:1)
  4 frilled lizards (D:1)
  5 rats (D:1)
31 creatures vanquished.

Notes
Turn   | Place    | Note
-------+----------+-------------------------------------------
     0 | D:1      | Fartwhistle the Octopode Transmuter began the quest for the
                  | Orb.
     0 | D:1      | Reached XP level 1. HP: 13/13 MP: 3/3
   170 | D:1      | Reached XP level 2. HP: 18/18 MP: 3/5
   199 | D:1      | Learned a level 2 spell: Wereblood
   427 | D:1      | Reached XP level 3. HP: 18/23 MP: 4/6
   906 | D:2      | Learned a level 3 spell: Spider Form
   925 | D:2      | Slain by a gnoll

Illustrated notes

Levels and vault maps discovered:
D:1:      heliophobic_arrival_henge, layout_loops_ring, grunt_decor_cap,
          minmay_ruptured
D:2:      layout_basic

Skill      XL: |  1  2 |
---------------+-------+-----
Transmutations | 3 |  3.2
Fighting       | |  1.0
Dodging        | |  2.0
Unarmed Combat | |  3.0
Spellcasting   | |  2.5

Action                     || total
---------------------------++-------
  Melee: Unarmed           ||    64
         Constrict         ||    16
         Tentacles         ||    14
         Kick              ||     3
         Punch             ||     2
   Cast: Beastly Appendage ||     4
    Use: Potion            ||     1
   Stab: Sleeping          ||     7
 Armour: Skin              ||     8
  Dodge: Dodged            ||    40
